| TOP OF THE 1ST |
|
Washington Nationals batting - Pitching for Atlanta Braves : RHP Curt Stevens
|
|
Pitching: RHP Curt Stevens
|
|
|
Batting: LHB Bob Melley
|
0-0: Ball 1-0: Ground out U3 (Groundball, 3, EV 85.6 MPH)
|
|
Batting: LHB Kyung-jin Cho
|
0-0: Ball 1-0: Ball 2-0: Ball 3-0: Called Strike 3-1: SINGLE (Groundball, 6D, EV 104.4 MPH)
|
|
Batting: LHB Seth Cook
|
0-0: Foul Ball, location: 2F 0-1: Called Strike 0-2: Foul Ball, location: 2F 0-2: Ball 1-2: Ball 2-2: Foul Ball, location: 2F 2-2: Fly out, F9 (Flyball, 9S, EV 88.1 MPH)
|
|
Batting: RHB John Sanders
|
0-0: Ball 1-0: SINGLE (Line Drive, 7S, EV 98.1 MPH) Kyung-jin Cho to second Runner from 2nd tries for 3rd, SAFE, throw by LF made to third
|
|
Batting: LHB Emmanuel Gaskin
|
0-0: Ball 1-0: Ball 2-0: Ball 3-0: Called Strike 3-1: Called Strike 3-2: SINGLE (Groundball, 25, EV 69.4 MPH) (infield hit) Kyung-jin Cho scores John Sanders to second
|
|
Batting: RHB Kirk Arp
|
0-0: Fly out, F9 (Flyball, 9, EV 86.9 MPH)
|
| Top of the 1st over - 1 run, 3 hits, 0 errors, 2 left on base; Washington 1 - Atlanta 0 |
| BOTTOM OF THE 1ST |
|
Atlanta Braves batting - Pitching for Washington Nationals : RHP Wayne McAllister
|
|
Pitching: RHP Wayne McAllister
|
|
|
Batting: RHB Yasuhide Kasahara
|
0-0: Ball 1-0: Foul Ball, location: 2F 1-1: Ball 2-1: Ground out 4-3 (Groundball, 34, EV 95.0 MPH)
|
|
Batting: RHB J.J. Powers
|
0-0: Ball 1-0: Ball 2-0: Ball 3-0: Called Strike 3-1: Called Strike 3-2: Ground out 4-3 (Groundball, 4, EV 91.9 MPH)
|
|
Batting: LHB Erik Gretzky
|
0-0: Ball 1-0: Called Strike 1-1: SINGLE (Groundball, 56, EV 108.1 MPH)
|
|
Batting: RHB Ike Trout
|
0-0: Ball 1-0: Ball 2-0: Called Strike 2-1: Ball Erik Gretzky is caught stealing 2nd base 2-4
|
| Bottom of the 1st over - 0 runs, 1 hit, 0 errors, 0 left on base; Washington 1 - Atlanta 0 |
| TOP OF THE 2ND |
|
Washington Nationals batting - Pitching for Atlanta Braves : RHP Curt Stevens
|
|
Batting: LHB Griffin Ferris
|
0-0: Ball 1-0: Ball 2-0: Ball 3-0: Called Strike 3-1: Foul Ball, location: 2F 3-2: SINGLE (Flyball, 78S, EV 91.2 MPH)
|
|
Batting: RHB Eric Wiss
|
0-0: Ball 1-0: Called Strike 1-1: Ball 2-1: Swinging Strike 2-2: Grounds into double play, 1-4-3 (Groundball, 15S, EV 62.5 MPH)
|
|
Batting: RHB Darren McCarty Jr.
|
0-0: SINGLE (Groundball, 56D, EV 103.1 MPH)
|
|
Batting: LHB Bob Melley
|
0-0: Called Strike 0-1: Ball 1-1: Ball 2-1: Called Strike 2-2: Foul Ball, location: 2F 2-2: Strikes out swinging
|
| Top of the 2nd over - 0 runs, 2 hits, 0 errors, 1 left on base; Washington 1 - Atlanta 0 |
| BOTTOM OF THE 2ND |
|
Atlanta Braves batting - Pitching for Washington Nationals : RHP Wayne McAllister
|
|
Batting: RHB Ike Trout
|
0-0: SINGLE (Groundball, 6MD, EV 98.1 MPH)
|
|
Batting: RHB Kevin Howard
|
0-0: Ball 1-0: Ball 2-0: Ball 3-0: Called Strike 3-1: SINGLE (Groundball, 34D, EV 107.5 MPH) Ike Trout to second Runner from 2nd tries for 3rd, SAFE, throw by RF made to third
|
|
Batting: RHB Erik Coleman
|
0-0: Ball 1-0: Foul Ball, location: 2F 1-1: Foul Ball, location: 2F 1-2: Fly out, F7 (Flyball, 7LSF, EV 88.8 MPH)
|
|
Batting: LHB Evan Torraville
|
0-0: Ball 1-0: Ball 2-0: Ball 3-0: Called Strike 3-1: Base on Balls Kevin Howard to second
|
|
Batting: RHB Manny Vergara
|
0-0: SINGLE (Line Drive, 7S, EV 90.0 MPH) Ike Trout scores Kevin Howard to third Evan Torraville to second
|
|
Batting: RHB Zheng-ze King
|
0-0: SINGLE (Line Drive, 8LS, EV 101.9 MPH) Kevin Howard scores Evan Torraville to third Manny Vergara to second
|
|
Batting: RHB Yasuhide Kasahara
|
0-0: Fly out, F4 (Flyball, 4D, EV 85.6 MPH)
|
|
Batting: RHB J.J. Powers
|
0-0: Ball 1-0: Called Strike 1-1: Ball 2-1: Called Strike 2-2: Ball 3-2: Foul Ball, location: 2F 3-2: Strikes out swinging
|
| Bottom of the 2nd over - 2 runs, 4 hits, 0 errors, 3 left on base; Washington 1 - Atlanta 2 |
| TOP OF THE 3RD |
|
Washington Nationals batting - Pitching for Atlanta Braves : RHP Curt Stevens
|
|
Batting: LHB Kyung-jin Cho
|
0-0: Foul Ball, location: 2F 0-1: Ball 1-1: Foul Ball, location: 2F 1-2: Strikes out swinging
|
|
Batting: LHB Seth Cook
|
0-0: Fly out, F7 (Flyball, 78M, EV 98.8 MPH)
|
|
Batting: RHB John Sanders
|
0-0: Called Strike 0-1: Ball 1-1: Ground out 4-3 (Groundball, 4MD, EV 104.4 MPH)
|
| Top of the 3rd over - 0 runs, 0 hits, 0 errors, 0 left on base; Washington 1 - Atlanta 2 |
| BOTTOM OF THE 3RD |
|
Atlanta Braves batting - Pitching for Washington Nationals : RHP Wayne McAllister
|
|
Batting: LHB Erik Gretzky
|
0-0: Called Strike 0-1: Ball 1-1: Ball 2-1: Foul Ball, location: 2F 2-2: SINGLE (Line Drive, 89S, EV 98.8 MPH)
|
|
Batting: RHB Ike Trout
|
0-0: Ball 1-0: SINGLE (Groundball, 6MD, EV 98.8 MPH) Erik Gretzky to second
|
|
Batting: RHB Kevin Howard
|
0-0: Called Strike 0-1: Ball 1-1: Ball Erik Gretzky steals 3rd base (no throw) 2-1: Called Strike 2-2: Strikes out swinging
|
|
Batting: RHB Erik Coleman
|
0-0: Called Strike 0-1: Ball 1-1: Ground out 6-3 (Groundball, P, EV 80.0 MPH) Erik Gretzky scores Ike Trout to second
|
|
Batting: LHB Evan Torraville
|
0-0: Swinging Strike 0-1: Foul Ball, location: 2F 0-2: Strikes out swinging
|
| Bottom of the 3rd over - 1 run, 2 hits, 0 errors, 1 left on base; Washington 1 - Atlanta 3 |
| TOP OF THE 4TH |
|
Washington Nationals batting - Pitching for Atlanta Braves : RHP Curt Stevens
|
|
Batting: LHB Emmanuel Gaskin
|
0-0: Called Strike 0-1: Foul Ball, location: 2F 0-2: Ground out 6-3 (Groundball, 6, EV 97.5 MPH)
|
|
Batting: RHB Kirk Arp
|
0-0: Ball 1-0: Called Strike 1-1: Foul Ball, location: 2F 1-2: Ball 2-2: Foul Ball, location: 2F 2-2: Ground out 5-3 (Groundball, 56, EV 106.2 MPH)
|
|
Batting: LHB Griffin Ferris
|
0-0: Called Strike 0-1: Ball 1-1: Ball 2-1: Called Strike 2-2: Foul Ball, location: 2F 2-2: Ball 3-2: Foul Ball, location: 2F 3-2: Base on Balls
|
|
Batting: RHB Eric Wiss
|
0-0: Swinging Strike 0-1: Ball 1-1: Ball 2-1: Swinging Strike 2-2: Ground out 6-3 (Groundball, 6S, EV 83.1 MPH)
|
| Top of the 4th over - 0 runs, 0 hits, 0 errors, 1 left on base; Washington 1 - Atlanta 3 |
| BOTTOM OF THE 4TH |
|
Atlanta Braves batting - Pitching for Washington Nationals : RHP Wayne McAllister
|
|
Batting: RHB Manny Vergara
|
0-0: Called Strike 0-1: Ball 1-1: Called Strike 1-2: Ball 2-2: Ball 3-2: Base on Balls
|
|
Batting: RHB Zheng-ze King
|
0-0: Ball 1-0: Foul Ball, location: 2F 1-1: Foul Ball, location: 2F 1-2: Foul Ball, location: 2F 1-2: Strikes out swinging
|
|
Batting: RHB Yasuhide Kasahara
|
0-0: Ball 1-0: Foul Ball, location: 2F 1-1: Ball 2-1: Ball 3-1: Grounds into double play, 4-6-3 (Groundball, 4S, EV 82.5 MPH)
|
| Bottom of the 4th over - 0 runs, 0 hits, 0 errors, 0 left on base; Washington 1 - Atlanta 3 |
| TOP OF THE 5TH |
|
Washington Nationals batting - Pitching for Atlanta Braves : RHP Curt Stevens
|
|
Batting: RHB Darren McCarty Jr.
|
0-0: Called Strike 0-1: SINGLE (Line Drive, 8LS, EV 91.9 MPH)
|
|
Batting: LHB Bob Melley
|
0-0: Called Strike 0-1: Foul Ball, location: 2F 0-2: Strikes out swinging
|
|
Batting: LHB Kyung-jin Cho
|
0-0: Ball 1-0: Fielders Choice at 2nd, 3-6 (Groundball, 3, EV 80.0 MPH)
|
|
Batting: LHB Seth Cook
|
0-0: Fly out, F7 (Flyball, 7D, EV 98.1 MPH)
|
| Top of the 5th over - 0 runs, 1 hit, 0 errors, 1 left on base; Washington 1 - Atlanta 3 |
| BOTTOM OF THE 5TH |
|
Atlanta Braves batting - Pitching for Washington Nationals : RHP Wayne McAllister
|
|
Batting: RHB J.J. Powers
|
0-0: Called Strike 0-1: Ball 1-1: Foul Ball, location: 2F 1-2: Ball 2-2: Ground out 5-3 (Groundball, 56S, EV 63.1 MPH)
|
|
Batting: LHB Erik Gretzky
|
0-0: Ball 1-0: Ball 2-0: SINGLE (Groundball, 34D, EV 94.4 MPH)
|
|
Batting: RHB Ike Trout
|
0-0: Called Strike 0-1: SINGLE (Groundball, 56D, EV 95.6 MPH) Erik Gretzky to second Runner from 2nd tries for 3rd, SAFE, throw by LF made to third
|
|
Batting: RHB Kevin Howard
|
0-0: Called Strike 0-1: Ball 1-1: Foul Ball, location: 2F 1-2: Ground out 5-3 (Groundball, 56S, EV 88.1 MPH) Ike Trout to second
|
|
Batting: RHB Erik Coleman
|
0-0: Ground out 5-3 (Groundball, 5L, EV 86.2 MPH)
|
| Bottom of the 5th over - 0 runs, 2 hits, 0 errors, 2 left on base; Washington 1 - Atlanta 3 |
| TOP OF THE 6TH |
|
Washington Nationals batting - Pitching for Atlanta Braves : RHP Curt Stevens
|
|
Batting: RHB John Sanders
|
0-0: Foul Ball, location: 2F 0-1: Swinging Strike 0-2: Fly out, F9 (Line Drive, 9, EV 94.4 MPH)
|
|
Batting: LHB Emmanuel Gaskin
|
0-0: Ball 1-0: Called Strike 1-1: Called Strike 1-2: Ball 2-2: Foul Ball, location: 2F 2-2: Foul Ball, location: 2F 2-2: Ball 3-2: SINGLE (Groundball, 34S, EV 63.1 MPH) (infield hit)
|
|
Batting: RHB Kirk Arp
|
0-0: Called Strike 0-1: Fly out, F8 (Flyball, 8RD, EV 85.0 MPH)
|
|
Batting: LHB Griffin Ferris
|
0-0: Called Strike 0-1: Foul Ball, location: 2F 0-2: Strikes out swinging
|
| Top of the 6th over - 0 runs, 1 hit, 0 errors, 1 left on base; Washington 1 - Atlanta 3 |
| BOTTOM OF THE 6TH |
|
Atlanta Braves batting - Pitching for Washington Nationals : RHP Wayne McAllister
|
|
Batting: LHB Evan Torraville
|
0-0: Swinging Strike 0-1: Ball 1-1: Called Strike 1-2: Foul Ball, location: 2F 1-2: Ball 2-2: Foul Ball, location: 2F 2-2: Ground out 6-3 (Groundball, 4, EV 88.1 MPH)
|
|
Batting: RHB Manny Vergara
|
0-0: SINGLE (Line Drive, 8LS, EV 92.5 MPH)
|
|
Batting: RHB Zheng-ze King
|
0-0: Called Strike 0-1: Swinging Strike 0-2: Ball 1-2: Ball 2-2: Ball 3-2: Base on Balls Manny Vergara to second
|
|
DELAY
|
Rain delay of 41 minutes in the 6th inning.
|
|
Pitching: RHP Cory Jones
|
|
|
Batting: RHB Yasuhide Kasahara
|
0-0: 3-RUN HOME RUN (Line Drive, 7LD, EV 96.2 MPH), Distance : 359 ft
|
|
Batting: RHB J.J. Powers
|
0-0: Called Strike 0-1: Called Strike 0-2: Ball 1-2: Ball 2-2: DOUBLE (Flyball, 89D, EV 110.6 MPH)
|
|
Batting: LHB Erik Gretzky
|
0-0: Foul Ball, location: 2F 0-1: Foul Ball, location: 2F 0-2: Ball 1-2: Fly out, F8 (Flyball, 8RD, EV 91.2 MPH)
|
|
Batting: RHB Ike Trout
|
0-0: Ball Wild Pitch! J.J. Powers to third 1-0: Foul Ball, location: 2F 1-1: Foul Ball, location: 2F 1-2: Ground out 6-3 (Groundball, 6, EV 80.6 MPH)
|
| Bottom of the 6th over - 3 runs, 3 hits, 0 errors, 1 left on base; Washington 1 - Atlanta 6 |
| TOP OF THE 7TH |
|
Washington Nationals batting - Pitching for Atlanta Braves : RHP Curt Stevens
|
|
Pitching: RHP Alard Kraaijeveld
|
|
|
Batting: RHB Eric Wiss
|
0-0: Ball 1-0: Foul Ball, location: 2F 1-1: Foul Ball, location: 2F 1-2: Ball 2-2: SINGLE (Groundball, 4MD, EV 97.5 MPH)
|
|
Batting: RHB Darren McCarty Jr.
|
0-0: Swinging Strike 0-1: Foul Ball, location: 2F 0-2: Ball 1-2: Foul Ball, location: 2F 1-2: Ball 2-2: Strikes out swinging
|
|
Batting: LHB Bob Melley
|
0-0: Ball 1-0: Called Strike 1-1: Ball 2-1: Foul Ball, location: 2F 2-2: Foul Ball, location: 2F 2-2: Fielders Choice at 2nd, 1-6 (Groundball, 34S, EV 65.6 MPH)
|
|
Batting: LHB Kyung-jin Cho
|
0-0: Foul Ball, location: 2F 0-1: Fly out, F7 (Flyball, 78M, EV 91.2 MPH)
|
| Top of the 7th over - 0 runs, 1 hit, 0 errors, 1 left on base; Washington 1 - Atlanta 6 |
| BOTTOM OF THE 7TH |
|
Atlanta Braves batting - Pitching for Washington Nationals : RHP Cory Jones
|
|
Batting: RHB Kevin Howard
|
0-0: Ball 1-0: Ball 2-0: Called Strike 2-1: Ball 3-1: Base on Balls
|
|
Batting: RHB Erik Coleman
|
0-0: Ball 1-0: Called Strike 1-1: Ball 2-1: Foul Ball, location: 2F 2-2: Foul Ball, location: 2F 2-2: Foul Ball, location: 2F 2-2: Strikes out swinging
|
|
Batting: LHB Evan Torraville
|
0-0: Ball 1-0: Called Strike 1-1: Ball 2-1: Called Strike 2-2: Fly out, F8 (Flyball, 8LM, EV 85.6 MPH)
|
|
Batting: RHB Manny Vergara
|
0-0: Ball 1-0: Foul Ball, location: 2F 1-1: Called Strike 1-2: Ball 2-2: Ball 3-2: Foul Ball, location: 2F 3-2: Foul Ball, location: 2F 3-2: Foul Ball, location: 2F 3-2: Fly out, F6 (Line Drive, 5D, EV 65.6 MPH)
|
| Bottom of the 7th over - 0 runs, 0 hits, 0 errors, 1 left on base; Washington 1 - Atlanta 6 |
| TOP OF THE 8TH |
|
Washington Nationals batting - Pitching for Atlanta Braves : RHP Alard Kraaijeveld
|
|
Batting: LHB Seth Cook
|
0-0: Ball 1-0: Foul Ball, location: 2F 1-1: Called Strike 1-2: Strikes out swinging
|
|
Batting: RHB John Sanders
|
0-0: Fly out, F9 (Flyball, 9D, EV 89.4 MPH)
|
|
Batting: LHB Emmanuel Gaskin
|
0-0: Fly out, F9 (Line Drive, 9S, EV 88.8 MPH)
|
| Top of the 8th over - 0 runs, 0 hits, 0 errors, 0 left on base; Washington 1 - Atlanta 6 |
| BOTTOM OF THE 8TH |
|
Atlanta Braves batting - Pitching for Washington Nationals : RHP Cory Jones
|
|
Batting: RHB Zheng-ze King
|
0-0: Ball 1-0: Ball 2-0: Ground out U3 (Groundball, 34S, EV 85.0 MPH)
|
|
Batting: RHB Yasuhide Kasahara
|
0-0: Called Strike 0-1: Ground out 4-3 (Groundball, 4, EV 90.0 MPH)
|
|
Pitching: LHP VirgĂlio Beyfus
|
|
|
Batting: RHB J.J. Powers
|
0-0: Ball 1-0: Ball 2-0: Ball 3-0: Called Strike 3-1: Base on Balls
|
|
Batting: LHB Erik Gretzky
|
0-0: Called Strike 0-1: Ground out 4-3 (Groundball, 4, EV 84.4 MPH)
|
| Bottom of the 8th over - 0 runs, 0 hits, 0 errors, 1 left on base; Washington 1 - Atlanta 6 |
| TOP OF THE 9TH |
|
Washington Nationals batting - Pitching for Atlanta Braves : RHP Alard Kraaijeveld
|
|
Batting: RHB Kirk Arp
|
0-0: Ball 1-0: Swinging Strike 1-1: Ball 2-1: Foul Ball, location: 2F 2-2: Strikes out swinging
|
|
Batting: LHB Griffin Ferris
|
0-0: Called Strike 0-1: Foul Ball, location: 2F 0-2: Ground out 5-3 (Groundball, 56S, EV 69.4 MPH)
|
|
Batting: RHB Eric Wiss
|
0-0: Ball 1-0: Foul Ball, location: 2F 1-1: Ball 2-1: Ground out 6-3 (Groundball, 6MS, EV 68.1 MPH)
|
| Top of the 9th over - 0 runs, 0 hits, 0 errors, 0 left on base; Washington 1 - Atlanta 6 |
|